 Dungeon Crawl Stone Soup version 0.31.0-10-gcf4a605ca0 (webtiles) character file.

Game seed: 10461264391508749001

88 hawla the Magician (level 4, 0/24 HPs)
             Began as a Deep Elf Fire Elementalist on Jan 25, 2024.
             Shot with a sling bullet by a goblin (4 damage)
             ... on level 3 of the Dungeon.
             The game lasted 00:04:30 (1919 turns).

hawla the Magician (Deep Elf Fire Elementalist)     Turns: 1919, Time: 00:04:31

Health: 0/24       AC:  2    Str:  7    XL:     4   Next: 29%
Magic:  2/12       EV: 12    Int: 25    God:
Gold:   43         SH:  0    Dex: 15    Spells: 5/11 levels left

rFire   . . .        m - +10 dagger of Yredelemnul's Esteem {flame, +Blink Will- Int+5 SInv}
rCold   . . .        (no shield)
rNeg    . . .        a - +0 robe
rPois   .            (no helmet)
rElec   .            (no cloak)
rCorr   .            (no gloves)
SInv    +            (no boots)
Will    .....        (no amulet)
Stlth   ++           (no ring)
HPRegen 0.24/turn    (no ring)
MPRegen 0.13/turn

%: no passive effects
@: no status effects
A: no striking features
a: Evoke Blink


You were on level 3 of the Dungeon.
You visited 1 branch of the dungeon, and saw 3 of its levels.

You collected 43 gold pieces.

Inventory:

Hand Weapons
 l - a +0 spectral falchion
 m - the +10 dagger of Yredelemnul's Esteem (weapon) {flame, +Blink Will- Int+5 SInv}
   (You found it on level 2 of the Dungeon)

   Int+5:     It affects your intelligence (+5).
   Will-:     It decreases your willpower.
   SInv:      It lets you see invisible.
   +Blink:    It lets you blink.
Armour
 a - a +0 robe (worn)
Wands
 k - a wand of polymorph (8)
Scrolls
 e - a scroll of teleportation
Potions
 b - a potion of magic
 h - 2 potions of curing
 i - a potion of lignification
 j - a potion of haste


   Skills:
 + Level 0.6(0.9) Short Blades
 + Level 0.6(0.8) Long Blades
 - Level 2.6 Dodging
 - Level 2.6 Stealth
 + Level 4.0 Spellcasting
 * Level 2.8 Conjurations
 + Level 3.8 Fire Magic


You had 5 spell levels left.
You knew the following spells:

 Your Spells              Type           Power      Damage    Failure   Level
a - Foxfire               Conj/Fire      84%        2x1d8     2%          1
b - Scorch                Fire           48%        2d7       2%          2
c - Inner Flame           Hex/Fire       14%        N/A       12%         3

Your spell library contained the following spells:

 Spells                   Type           Power      Damage    Failure   Level
 Volatile Blastmotes      Fire/Tloc      28%        2d12      12%         3
 Flame Wave               Conj/Fire      21%        2d8       22%         4


Dungeon Overview and Level Annotations

Branches:
Dungeon (3/15)

Altars:
Xom

Shops:
D:2 [


Message History

The foxfire hits the goblin.
You kill the goblin!
The orc wizard gestures wildly while chanting.
The orc wizard flickers and vanishes for a moment.
Casting: Foxfire (safe; 2% risk of failure)
Confirm with . or Enter, or press ? or * to list all spells.
You conjure some foxfire!
A goblin comes into view. It is wielding a +0 sling.
The foxfire hits the goblin.
The goblin is severely wounded.
The foxfire hits the goblin.
You kill the goblin!
The hobgoblin shoots a sling bullet.
The sling bullet hits you!
Casting: Foxfire (safe; 2% risk of failure)
Confirm with . or Enter, or press ? or * to list all spells.
You conjure some foxfire!
The foxfire hits the orc.
You kill the orc!
The foxfire hits the orc.
Flame seeps out of the orc.
The orc is heavily wounded.
The orc is engulfed in blazing flames.
The orc explodes!
The fiery explosion engulfs the orc wizard!!
You kill the orc wizard!
The hobgoblin shoots a sling bullet.
The sling bullet hits you.
You hear a shout! x3
Your Spellcasting skill increases to level 4!
You have reached level 4!
You feel clever.
Casting: Foxfire (safe; 2% risk of failure)
Confirm with . or Enter, or press ? or * to list all spells.
You conjure some foxfire!
The goblin shoots a sling bullet.
The sling bullet hits you.
The hobgoblin shoots a sling bullet.
The sling bullet hits you.
* * * LOW HITPOINT WARNING * * *
Casting: Foxfire (safe; 2% risk of failure)
Confirm with . or Enter, or press ? or * to list all spells.
You conjure some foxfire!
The goblin shoots a sling bullet.
The sling bullet hits you.
You die...

,,,,,,,,,,,,,*......*,,,,,,,,,,**
,,,,,,********#g...#********,,,,,
,,,,,,+,,,,,,,#..g.#,,,,,,,+,,,,,
*,,,,,*,,,,,,,*.)v§#,,,,,,,*,,,,,
*****###########§v######*********
~~~~~≈≈≈≈≈≈≈≈~~)§§§~~≈≈≈~~~~~~~~~
~~~~~≈≈≈≈≈≈≈≈~~..§.§~~≈≈~~~~~~~~~
~~~~~~~~~~~≈~~~..§.~~~~≈~~~~~~~~~
~,~~~~~~~~~~~..v@§..~~.~~~,~,,~~~
,,,,,..%.......v........,,,,,,,,,
,,,,,.....................,,,,,,.
,,,,,*#.###...##.......#..,,**#..
,,,,,*#..##.###........#.#****...
*,,,*###.....##..........### #.#)
*,*,................####...###.#.
*>**###......#...##.###.....#..#.
,,,,....##.......##.##...........


You could see a hobgoblin (ally target) and a goblin.

Vanquished Creatures
  An orc wizard (D:3)
  2 adders (D:2)
  3 dart slugs (D:2)
  3 orcs (D:3)
  3 endoplasms (D:2)
  2 hobgoblins (D:1)
  6 jackals
  2 kobolds
  2 ball pythons
  4 bats
  3 frilled lizards (D:2)
  5 goblins
  A rat (D:2)
37 creatures vanquished.

Vanquished Creatures (collateral kills)
  A foxfire (D:1)
1 creature vanquished.

Vanquished Creatures (others)
  72 foxfires
72 creatures vanquished.

Grand Total: 110 creatures vanquished

Notes
Turn   | Place    | Note
-------+----------+-------------------------------------------
     0 | D:1      | hawla the Deep Elf Fire Elementalist began the quest for
                  | the Orb.
     0 | D:1      | Reached XP level 1. HP: 10/10 MP: 6/6
   115 | D:1      | Found a faded altar of an unknown god.
   223 | D:1      | Reached XP level 2. HP: 15/15 MP: 5/8
   226 | D:1      | Learned a level 2 spell: Scorch
  1046 | D:2      | Reached XP level 3. HP: 19/19 MP: 2/10
  1164 | D:2      | Learned a level 3 spell: Inner Flame
  1322 | D:2      | Found Icsetut's Antique Armour Shop.
  1433 | D:2      | Found a shimmering altar of Xom.
  1592 | D:2      | Identified the +10 dagger of Yredelemnul's Esteem {flame,
                  | +Blink Will- Int+5 SInv}
  1918 | D:3      | Reached skill level 4 in Spellcasting
  1918 | D:3      | Reached XP level 4. HP: 12/24 MP: 4/12
  1919 | D:3      | Shot with a sling bullet by a goblin

Illustrated notes

Levels and vault maps discovered:
D:1:      mrwooster_arrival_statue_2, layout_basic,
          shapermc_ecumenical_altar_rom_forum
D:2:      layout_basic, basic_altar, serial_shops, shop
D:3:      minmay_goblin_kobold_castle, layout_rooms,
          mainiacjoe_overflow_six_doors_small

Skill      XL: |  1  2  3 |
---------------+----------+-----
Conjurations   | 2 |  2.8
Spellcasting   | 4 |  4.0
Short Blades   | |  0.6
Long Blades    | |  0.6
Dodging        | |  2.6
Stealth        | |  2.6
Fire Magic     | |  3.8

Action                     |  1- 3 |  4- 6 || total
---------------------------+-------+-------++-------
  Melee: Unarmed           |     1 |       ||     1
         Dagger            |     4 |       ||     4
         Falchion          |     2 |       ||     2
   Cast: Foxfire           |    42 |     2 ||    44
         Scorch            |     6 |       ||     6
         Inner Flame       |     2 |       ||     2
    Use: Scroll            |    10 |       ||    10
   Stab: Sleeping          |     4 |       ||     4
 Armour: Robe              |     5 |     3 ||     8
  Dodge: Dodged            |     6 |       ||     6
